 Dungeon Sprint DCSS version 0.30.1-4-g462c640d31 (webtiles) character file.

Game seed: 11160362373677822288

12278 Heoruswealwe the Evocator (level 11, -8/48 HPs)
             Began as a Spriggan Artificer on Aug 29, 2023.
             Was a High Priest of Sif Muna.
             Mangled by a daeva
             ... wielding a +3 eudemon blade of holy wrath
              (28 damage)
             ... in the Dungeon (Sprint I: "Red Sonja").
             The game lasted 00:23:57 (1821 turns).

Heoruswealwe the Evocator (Spriggan Artificer)      Turns: 1821, Time: 00:23:57

Health: -8/48      AC:  2    Str:  8    XL:     11   Next: 60%
Magic:  12/12      EV: 30    Int: 17    God:    Sif Muna [*****.]
Gold:   329        SH:  0    Dex: 16    Spells: 10/10 levels left

rFire   . . .        a - +0 rapier (venom)
rCold   . . .        (no shield)
rNeg    . . .        c - +0 robe
rPois   .            (helmet restricted)
rElec   .            (no cloak)
rCorr   .            (gloves unavailable)
SInv    +            (boots unavailable)
Will    +....        (no amulet)
Stlth   ++++         (no ring)
HPRegen 0.28/turn    (no ring)
MPRegen 0.13/turn

%: no teleportation
@: glowing, very quick
A: very small, no large weapons, unfitting armour, see invisible, speed 3
a: Renounce Religion, Channel Magic, Forget Spell, Divine Exegesis


You were in the Dungeon.
You worshipped Sif Muna.
Sif Muna was extremely pleased with you.
You visited 1 branch You collected 1285 gold pieces.
You spent 920 gold pieces at shops.
You donated 36 gold pieces to Zin.

Inventory:

Hand Weapons
 a - a +0 rapier of venom (weapon)
Armour
 c - a +0 robe (worn)
Magical Staves
 n - a staff of earth
Wands
 b - a wand of flame (1) (quivered)
 d - a wand of charming (9)
 l - a wand of digging (2)
 s - a wand of mindburst (5)
Scrolls
 m - a scroll of poison
 o - a scroll of fog
 p - 2 scrolls of identify
Potions
 f - 5 potions of curing
 g - a potion of heal wounds
 h - 2 potions of haste
 i - 3 potions of magic
 j - a potion of berserk rage
 k - a potion of lignification
 q - a potion of invisibility
Miscellaneous
 e - a lightning rod (4/4)
 r - a phial of floods


   Skills:
 - Level 0.7 Fighting
 + Level 19.1 Dodging
 + Level 22.0 Stealth
 * Level 25.8 Evocations


You had 10 spell levels left.
You didn't know any spells.
Your spell library contained the following spells:

 Spells                   Type           Power      Damage    Failure   Level
 Lesser Beckoning         Tloc           0%         N/A       34%         2
 Gell's Gravitas          Tloc           0%         N/A       56%         3
 Inner Flame              Hex/Fire       0%         N/A       56%         3
 Mephitic Cloud           Conj/Pois/Air  0%         N/A       56%         3
 Teleport Other           Tloc           0%         N/A       56%         3
 Fulminant Prism          Conj/Hex       0%         3d5       93%         4
 Iskenderun's Mystic Bla  Conj/Tloc      0%         2d3       93%         4
 Manifold Assault         Tloc           0%         N/A       93%         4
 Yara's Violent Unravell  Hex/Tmut       0%         3d3       100%        5
 Conjure Ball Lightning   Conj/Air       0%         3x3d6     100%        6
 Discord                  Hex            0%         N/A       100%        8


Dungeon Overview and Level Annotations

Branches:
Dungeon (1/1)

Altars:
Cheibriados
Dithmenos
Elyvilon
Fedhas
Gozag
Hepliaklqana
Kikubaaqudgha
Makhleb
Nemelex Xobeh
Okawaru
Qazlal
Ru
Sif Muna
Trog
Uskayaw
Vehumet
Wu Jian
Xom
Yredelemnul
Zin
The Shining One
Jiyva
Lugonu

Shops:
D [*[:?(([(*(?[**((**[=


Innate Abilities, Weirdness & Mutations

You are very small and have problems with some larger weapons.
You are too small for most types of armour.
You have supernaturally acute eyesight. (SInv)
You cover ground extremely quickly. (Speed+++)


Message History

You add the spells Iskenderun's Mystic Blast, Manifold Assault and Yara's Violent Unravelling to your library.
You start resting.
HP restored.
There is an open door, spattered with blood here.
Items here: ††††.
You see here a hog skeleton.
You see here a hog skeleton.
You open the door.
There is an open door here.
A daeva comes into view.
It is wielding a +3 eudemon blade of holy wrath and wearing the +0 tower shield of the Other World {Rampage rPois Regen+ rCorr}.
Found 108 gold pieces.
Found 81 gold pieces.
The daeva calls down the wrath of the Shining One upon you.
The Shining One smites you!
Aiming: Dig
Press: ? - help, Shift-Dir - straight line This square is lit by a halo.
The damaged grate falls apart.
Aiming: Mindburst
Press: ? - help, Shift-Dir - straight line, f - daeva
Aim: a daeva, wielding a +3 eudemon blade of holy wrath and wearing the +0 tower shield of the Other World {Rampage rPois Regen+ rCorr} (haloed, chance to affect: 22%)
The daeva resists with almost no effort.
The daeva calls down the wrath of the Shining One upon you.
The Shining One smites you!
Aiming: Mindburst
Press: ? - help, Shift-Dir - straight line, f/p - daeva
Aim: a daeva, wielding a +3 eudemon blade of holy wrath and wearing the +0 tower shield of the Other World {Rampage rPois Regen+ rCorr} (haloed, chance to affect: 22%)
The daeva resists with almost no effort.
Aiming: Mindburst
Press: ? - help, Shift-Dir - straight line, f/p - daeva
Aim: a daeva, wielding a +3 eudemon blade of holy wrath and wearing the +0 tower shield of the Other World {Rampage rPois Regen+ rCorr} (haloed, chance to affect: 22%)
The daeva resists with almost no effort.
The daeva misses you. x2
Aiming: Mindburst
Press: ? - help, Shift-Dir - straight line, f/p - daeva
Aim: a daeva, wielding a +3 eudemon blade of holy wrath and wearing the +0 tower shield of the Other World {Rampage rPois Regen+ rCorr} (haloed, chance to affect: 22%)
The daeva resists with almost no effort.
The daeva hits you with a +3 eudemon blade of holy wrath!!
Ouch! That really hurt!
You die...

####################*************
')..#..#§§§§†§§.§§§+,,*,,+,,,,*,,
#)..##'#§####§§§§§##,,+,,*,,,,**,
#...'..#§#,*##§§§##*****+*,,,,,**
#####..+§#+*,###'#,,,##,,*,,,,,*,
#..##+####,,,*,#.##$$$#,,**,,,,*,
+.†#,,,,,*,,,**#@A§§.$#,,~***+**,
#..#,,,,,+,,,,,##§#§#$#,,~,,*,***
##'###,,,*,,,,,*,.###$#,,~,**+*,,
##.+.#,,,***++**,##..$#,,~**,,,,,
.###.#,,***,,***,,*+###,,~*,,,,,,
.∩##.#,,****,,***,,,*,~,,**,,,,,,
####§#*+*,,*,,*,***,*,~,,*,,,,,,,
..##§#*,*,,,,,,,,,*,***,,*,,,,,,,
...+.#***,,,,,,,,,*,*,+,,**,,,,,,


You could see a daeva.

Vanquished Creatures
  2 centaur warriors (D)
  Sonja (D)
  A lindwurm (D)
  A deep troll (D)
  8 shining eyes (D)
  An oklob plant (D)
  4 demonic crawlers (D)
  2 kobold demonologists (D)
  2 unseen horrors (D)
  A hornet (D)
  Sigmund (D)
  A slime creature (D)
  A yak (D)
  13 hogs (D)
  2 redbacks (D)
  6 floating eyes (D)
  An ogre (D)
  5 necrophages (D)
  5 jellies (D)
  Ijyb (D)
  A ballistomycete spore (D)
60 creatures vanquished.

Vanquished Creatures (others)
  2 necrophages (D)
  3 jellies (D)
  A ballistomycete spore (D)
6 creatures vanquished.

Grand Total: 66 creatures vanquished

Notes
Turn   | Place    | Note
-------+----------+-------------------------------------------
     0 | D        | Heoruswealwe the Spriggan Artificer began the quest for the
                  | Orb.
     0 | D        | Reached XP level 1. HP: 9/9 MP: 2/2
     1 | D        | Noticed Ijyb
     4 | D        | Killed Ijyb
     5 | D        | Reached skill level 6 in Evocations
     5 | D        | Reached XP level 2. HP: 14/14 MP: 3/3
    29 | D        | Noticed an ogre
    31 | D        | Killed an ogre
    32 | D        | Reached skill level 9 in Evocations
    32 | D        | Reached XP level 3. HP: 17/17 MP: 4/4
    32 | D        | Reached XP level 4. HP: 21/21 MP: 5/5
    43 | D        | Noticed Sigmund
    47 | D        | Killed Sigmund
    48 | D        | Reached skill level 12 in Evocations
    48 | D        | Reached XP level 5. HP: 21/25 MP: 6/6
    48 | D        | Reached XP level 6. HP: 24/29 MP: 7/7
    69 | D        | Found an ornate altar of the Wu Jian Council.
    69 | D        | Found a shimmering blue altar of Sif Muna.
    72 | D        | Found a radiant altar of Vehumet.
    75 | D        | Reached skill level 10 in Stealth
   104 | D        | Found Zyevvutt's Book Emporium.
   104 | D        | Found an ancient bone altar of Kikubaaqudgha.
   104 | D        | Found a hazy altar of Hepliaklqana.
   104 | D        | Found a stormy altar of Qazlal.
   104 | D        | Found a hide-covered altar of Uskayaw.
   104 | D        | Found a blossoming altar of Fedhas.
   104 | D        | Found a bloodstained altar of Trog.
   104 | D        | Found an iron altar of Okawaru.
   104 | D        | Found a basalt altar of Yredelemnul.
   104 | D        | Found a glowing golden altar of the Shining One.
   104 | D        | Found a snail-covered altar of Cheibriados.
   104 | D        | Found a sacrificial altar of Ru.
   104 | D        | Found a glowing silver altar of Zin.
   104 | D        | Found a shadowy altar of Dithmenos.
   104 | D        | Found a white marble altar of Elyvilon.
   104 | D        | Noticed a yak
   116 | D        | Killed a yak
   117 | D        | Reached skill level 10 in Dodging
   117 | D        | Reached skill level 13 in Evocations
   124 | D        | Found an opulent altar of Gozag.
   125 | D        | Found a sparkling altar of Nemelex Xobeh.
   130 | D        | Became a worshipper of Zin the Law-Giver
   130 | D        | Reached * piety under Zin
   130 | D        | Reached ** piety under Zin
   130 | D        | Reached *** piety under Zin
   130 | D        | Reached **** piety under Zin
   130 | D        | Reached ***** piety under Zin
   130 | D        | Reached ****** piety under Zin
   139 | D        | Noticed Sonja
   141 | D        | Killed Sonja
   142 | D        | Reached skill level 16 in Evocations
   142 | D        | Reached XP level 7. HP: 32/32 MP: 8/8
   160 | D        | Found Soyhis's Antique Armour Boutique.
   174 | D        | Noticed a shining eye
   174 | D        | Noticed a shining eye
   174 | D        | Noticed a shining eye
   178 | D        | Paralysed by a floating eye for 2 turns
   184 | D        | Paralysed by a floating eye for 2 turns
   189 | D        | Paralysed by a floating eye for 4 turns
   196 | D        | Reached XP level 8. HP: 37/37 MP: 9/9
   199 | D        | Paralysed by a floating eye for 3 turns
   204 | D        | Paralysed by a floating eye for 4 turns
   221 | D        | Paralysed by a floating eye for 4 turns
   239 | D        | Paralysed by a floating eye for 4 turns
   245 | D        | Paralysed by a floating eye for 4 turns
   253 | D        | Paralysed by a floating eye for 3 turns
   259 | D        | Paralysed by a floating eye for 2 turns
   263 | D        | Paralysed by a floating eye for 3 turns
   271 | D        | Paralysed by a floating eye for 4 turns
   283 | D        | Killed a shining eye
   284 | D        | Reached skill level 17 in Evocations
   285 | D        | Paralysed by a floating eye for 4 turns
   293 | D        | Paralysed by a floating eye for 4 turns
   302 | D        | Reached skill level 15 in Stealth
   302 | D        | Reached skill level 18 in Evocations
   390 | D        | Killed a shining eye
   391 | D        | Reached XP level 9. HP: 40/40 MP: 10/10
   392 | D        | Noticed a shining eye
   392 | D        | Noticed a shining eye
   392 | D        | Noticed a shining eye
   393 | D        | Noticed a shining eye
   393 | D        | Noticed a shining eye
   409 | D        | Killed a shining eye
   410 | D        | Reached skill level 19 in Evocations
   530 | D        | Killed a shining eye
   531 | D        | Reached skill level 20 in Evocations
   615 | D        | Killed a shining eye
   616 | D        | Reached skill level 15 in Dodging
   684 | D        | Killed a shining eye
   736 | D        | Killed a shining eye
   737 | D        | Reached skill level 21 in Evocations
   737 | D        | Reached XP level 10. HP: 44/44 MP: 11/11
   830 | D        | Killed a shining eye
   854 | D        | Found Muub's General Store.
   854 | D        | Found Ufel's Magic Scroll Shop.
   854 | D        | Found Terafies's Armour Emporium.
   854 | D        | Found Koirun's Antique Weapon Boutique.
   858 | D        | Bought a lightning rod (4/4) for 390 gold pieces
   892 | D        | Fell from the grace of Zin
   892 | D        | Became a worshipper of Sif Muna the Loreminder
   937 | D        | Noticed a deep troll
   939 | D        | Killed a deep troll
   940 | D        | Reached skill level 22 in Evocations
   965 | D        | Found Inininiqa's Armour Emporium.
   986 | D        | Noticed a centaur warrior
   986 | D        | Noticed a centaur warrior
   993 | D        | Killed a centaur warrior
   994 | D        | Killed a centaur warrior
   994 | D        | Reached * piety under Sif Muna
  1000 | D        | Identified the +2 robe of Distant Worlds {Str+4 Int-5}
  1069 | D        | Bought a glowing rapier for 189 gold pieces
  1112 | D        | Noticed an oklob plant
  1114 | D        | Killed an oklob plant
  1115 | D        | Reached skill level 23 in Evocations
  1124 | D        | Reached ** piety under Sif Muna
  1168 | D        | Reached *** piety under Sif Muna
  1190 | D        | Reached XP level 11. HP: 48/48 MP: 12/12
  1190 | D        | Reached **** piety under Sif Muna
  1222 | D        | Reached ***** piety under Sif Muna
  1241 | D        | Found Lopisevo's Armour Shoppe.
  1241 | D        | Found Jeot's Antique Weapon Shop.
  1241 | D        | Found Soholoc's Antique Weapon Boutique.
  1247 | D        | Found Xioch's General Store.
  1247 | D        | Found Onoro's Jewellery Emporium.
  1247 | D        | Found Umpu's General Store.
  1261 | D        | Found Vufucuodom's Weapon Boutique.
  1261 | D        | Found Nyuweruz's Weapon Shoppe.
  1261 | D        | Found Feeshuod's General Store.
  1261 | D        | Found Byocs's General Store.
  1261 | D        | Found Ulokeeda's Antique Armour Boutique.
  1261 | D        | Found Ceunn's Magic Scroll Shoppe.
  1261 | D        | Found Fawowkul's Weapon Shop.
  1264 | D        | Bought a scroll of identify for 26 gold pieces
  1265 | D        | Bought a scroll of identify for 20 gold pieces
  1265 | D        | Found Doraivah's General Store.
  1270 | D        | Bought a scroll of identify for 22 gold pieces
  1270 | D        | Bought a scroll of identify for 22 gold pieces
  1275 | D        | Bought a wand of mindburst (9) for 126 gold pieces
  1275 | D        | Bought a scroll of identify for 20 gold pieces
  1303 | D        | Bought a scroll of magic mapping for 105 gold pieces
  1336 | D        | Found a burning altar of Makhleb.
  1336 | D        | Found a viscous altar of Jiyva.
  1336 | D        | Found a shimmering altar of Xom.
  1336 | D        | Found a corrupted altar of Lugonu.
  1340 | D        | Reached skill level 24 in Evocations
  1356 | D        | Received a gift from Sif Muna
  1597 | D        | Noticed a lindwurm
  1600 | D        | Killed a lindwurm
  1600 | D        | Received a gift from Sif Muna
  1601 | D        | Reached skill level 25 in Evocations
  1601 | D        | Got Sif Muna's Lectures on Austromancy and Guile {god gift}
  1703 | D        | Received a gift from Sif Muna
  1715 | D        | Got Koitum's Directory of Twisted Transmogrification {god
                  | gift}
  1815 | D        | Identified the +0 tower shield of the Other World {Rampage
                  | rPois Regen+ rCorr}
  1815 | D        | Noticed a daeva
  1821 | D        | Mangled by a daeva

Illustrated notes

Levels and vault maps discovered:
D:        dungeon_sprint_1 [red_sonja_temple_1, red_sonja_temple_small_1]

Skill      XL: |  1  2  3  4  5  6  7  8  9 10 11 |
---------------+----------------------------------+-----
Dodging        | 4 6 8 11 12 13 15 17 19 | 19.1
Stealth        | 4 7 9 13 15 17 20 22 | 22.0
Evocations     | 6 9 12 16 18 21 23 25 | 25.8
Fighting       | |  0.7

Action                     |  1- 3 |  4- 6 |  7- 9 | 10-12 || total
---------------------------+-------+-------+-------+-------++-------
  Melee: Dagger            |       |       |   491 |    98 ||   589
         Punch             |       |       |    16 |     6 ||    22
         Rapier            |       |       |       |   119 ||   119
  Evoke: Wand              |     6 |    14 |       |    12 ||    32
         Lightning rod     |       |       |       |    19 ||    19
         Phial of floods   |       |       |       |     2 ||     2
    Use: Scroll            |       |       |       |     6 ||     6
         Potion            |       |       |       |     2 ||     2
   Stab: Sleeping          |       |       |     2 |    15 ||    17
 Armour: Robe              |       |       |       |     2 ||     2
  Dodge: Dodged            |       |     2 |       |   143 ||   145
